 Dungeon Crawl Stone Soup version 0.30-a0-134-gb40fab5c76 (webtiles) character file.

Game seed: 9504499167259812706

1698 Kinoniko the Cleaver (level 8, 0/96 (102) HPs)
             Began as a Red Draconian Berserker on Sept 20, 2022.
             Was a Priest of Trog.
             Slain by a wight
             ... wielding a +0 war axe
              (9 damage)
             ... on level 7 of the Dungeon.
             The game lasted 00:07:11 (7597 turns).

Kinoniko the Cleaver (Red Draconian Berserker)      Turns: 7597, Time: 00:07:11

HP:   0/96 (102)    AC:  7    Str: 20    XL:     8   Next: 72%
MP:   8/8           EV: 11    Int:  7    God:    Trog [***...]
Gold: 181           SH: 10    Dex: 13    Spells: 7/7 levels left

rFire   + . .      SeeInvis .    a - +0 hand axe
rCold   . . .      Faith    .    r - +1 kite shield
rNeg    . . .      Spirit   .    (body armour unavailable)
rPois   +          Reflect  .    (helmet restricted)
rElec   .          Harm     .    w - +0 cloak
rCorr   .          Rampage  .    (no gloves)
Will    .....                    (no boots)
Stlth   ..........               (no amulet)
HPRegen 0.26/turn                b - ring of poison resistance
MPRegen 0.11/turn                (no ring)

@: berserking, drained, very quick
A: breathe fire, AC +6, unfitting armour, fire resistance 1, cold-blooded
a: Breathe Fire, Renounce Religion, Berserk, Trog's Hand


You were on level 7 of the Dungeon.
You worshipped Trog.
Trog was most pleased with you.
You visited 1 branch of the dungeon, and saw 7 of its levels.

You collected 285 gold pieces.
You spent 104 gold pieces at shops.

Inventory:

Hand Weapons
 a - a +0 hand axe (weapon)
Armour
 r - a +1 kite shield (worn)
 w - a +0 cloak (worn)
Jewellery
 b - a ring of poison resistance (left hand)
 k - a ring of magical power
 n - an amulet of magic regeneration
 t - the ring "Fuuma" {Will- rCorr Str+4}
   (You found it on level 2 of the Dungeon)

   [ring of resist corrosion]

   Str:       It affects your strength (+4).
   rCorr:     It protects you from acid and corrosion.
   Will:      It decreases your willpower.
Scrolls
 c - 2 scrolls of immolation
 d - 2 scrolls of fear
 i - 2 scrolls of fog
 j - 7 scrolls of teleportation
 m - a scroll of magic mapping
Potions
 e - 2 potions of attraction
 f - 2 potions of might {unknown}
 g - a potion of heal wounds
 h - a potion of brilliance {unknown}
 l - a potion of flight
 o - 2 potions of haste
 q - a potion of berserk rage {unknown}
 u - a potion of mutation {unknown}
 v - 4 potions of curing
 x - a potion of ambrosia {unknown}


   Skills:
 + Level 5.1 Fighting
 * Level 8.8 Axes
 - Level 3.3 Dodging
 - Level 6.1 Shields


You had 7 spell levels left.
You didn't know any spells.
Your spell library was empty.

Dungeon Overview and Level Annotations

Branches:
Dungeon (7/15)             Temple (0/1) D:4

Altars:
Cheibriados
Nemelex Xobeh
Ru
Wu Jian

Shops:
D:6 !

Annotations:
D:5 2 transporters, sakurabyss's ghost, novice DrBe


Innate Abilities, Weirdness & Mutations

You can breathe blasts of fire.
Your fiery red scales are hard. (AC +6)
You cannot fit into any form of body armour.
Your flesh is heat resistant. (rF+)
You are cold-blooded and may be slowed by cold attacks.


Message History

You kill the orc!
Trog accepts your kill.
The cyclops throws a large rock.
The large rock hits you!!!
Ouch! That really hurt!
You hear a bark!
The wight attacks as you move away! You block the wight's attack.
A centaur zombie comes into view.
There is a stone staircase leading up here.
The wight attacks as you move away! You block the wight's attack.
An iguana comes into view.
The iguana hisses angrily.
A hound comes into view.
You barely miss the wight.
The hound barks!
The wight hits you with a +0 great sword!
* * * LOW HITPOINT WARNING * * *
You feel drained.
* * * LOW HITPOINT WARNING * * *
A red film seems to cover your vision as you go berserk!
You feel yourself moving faster!
You feel mighty!
The wight hits you with a +0 great sword!
* * * LOW HITPOINT WARNING * * *
You feel drained.
* * * LOW HITPOINT WARNING * * *
You are too injured to fight recklessly!
Unknown command.
You are too injured to fight recklessly!
Unknown command.
You are too injured to fight recklessly!
Unknown command.
You are too injured to fight recklessly!
Found a dagger.
You feel a strong urge to attack something.
The centaur zombie misses you.
The centaur zombie kicks you but does no damage.
You hit the wight.
Your tail-slap misses the wight.
The wight is lightly damaged.
You slash the centaur zombie! You barely miss the wight.
The wight barely misses you. The wight hits you with a +0 war axe!
You die...

.....)...
.........##
.........##.
#######...........
..................
P......C..>.....88
~~................
~≈l)...@z.........
~~....Z.z.h)......
~....##.##...##...
.... #..........#
... #.....≈≈≈...#
.. ###>..≈[≈.... .
##..≈≈≈....
#......#..
##########


You could see a cyclops, an iguana, a hound, 2 wights and a centaur zombie.

Vanquished Creatures
  Grinder (D:5)
  Menkaure (D:5)
  2 ogres (D:5)
  A black bear (D:5)
  3 centaurs
  Blork the orc (D:6)
  A necrophage (D:4)
  A bullfrog (D:6)
  A scorpion (D:5)
  A jelly (D:5)
  4 orc priests (D:6)
  A hound (D:5)
  Crazy Yiuf (D:4)
  An iguana (D:6)
  Terence (D:2)
  3 orc wizards
  8 gnolls
  9 adders
  2 white imps (D:6)
  2 ufetubi
  3 dart slugs
  12 orcs
  7 ball pythons
  9 bats
  9 endoplasms
  9 giant cockroaches
  10 goblins
  11 hobgoblins
  4 jackals (D:5)
  3 quokkas
  5 frilled lizards
  9 kobolds
  5 rats
141 creatures vanquished.

Notes
Turn   | Place    | Note
-------+----------+-------------------------------------------
     0 | D:1      | Kinoniko the Draconian Berserker began the quest for the
                  | Orb.
     0 | D:1      | Reached XP level 1. HP: 19/19 MP: 1/1
   141 | D:1      | Reached XP level 2. HP: 15/26 MP: 2/2
   949 | D:1      | Reached XP level 3. HP: 27/31 MP: 3/3
  1097 | D:1      | Found a faded altar of an unknown god.
  1116 | D:1      | Reached ** piety under Trog
  1639 | D:2      | Noticed Terence
  1659 | D:2      | Killed Terence
  1660 | D:2      | Reached skill level 4 in Axes
  1797 | D:2      | Reached XP level 4. HP: 28/40 MP: 4/4
  2177 | D:2      | You fall into a shaft and drop 1 floor!
  2588 | D:2      | Identified the ring "Fuuma" {Will- rCorr Str+4}
  3019 | D:3      | Found an ornate altar of the Wu Jian Council.
  3187 | D:3      | Found a sparkling altar of Nemelex Xobeh.
  3350 | D:3      | Found a sacrificial altar of Ru.
  3518 | D:4      | Noticed a necrophage
  3527 | D:4      | Killed a necrophage
  3527 | D:4      | Reached *** piety under Trog
  3528 | D:4      | Reached skill level 1 in Shields
  3528 | D:4      | Reached XP level 5. HP: 46/46 MP: 5/5
  3592 | D:4      | Reached skill level 5 in Axes
  3872 | D:4      | Found a staircase to the Ecumenical Temple.
  4010 | D:4      | Noticed a centaur
  4113 | D:4      | Killed a centaur
  4114 | D:4      | Reached XP level 6. HP: 24/52 MP: 6/6
  4743 | D:4      | Found a snail-covered altar of Cheibriados.
  4865 | D:4      | Found a runed translucent door.
  4866 | D:4      | Noticed Crazy Yiuf
  4876 | D:4      | Killed Crazy Yiuf
  4944 | D:5      | Entered Level 5 of the Dungeon
  4960 | D:5      | Reached skill level 6 in Axes
  5112 | D:5      | Your scales start taking on a fiery red colour.
  5112 | D:5      | Reached XP level 7. HP: 12/59 MP: 7/7
  5112 | D:5      | Gained mutation: Your flesh is heat resistant. (rF+) [Red
                  | Draconian growth]
  5643 | D:5      | Found a transporter.
  5647 | D:5      | Found a transporter.
  5647 | D:5      | Noticed sakurabyss's ghost (novice DrBe)
  5648 | D:5      | Noticed a vampire
  5662 | D:5      | Noticed Grinder
  5663 | D:5      | Reached skill level 7 in Axes
  5663 | D:5      | Reached skill level 5 in Shields
  5668 | D:5      | Paralysed by Grinder for 4 turns
  5698 | D:5      | Paralysed by Grinder for 5 turns
  5708 | D:5      | Killed Grinder
  5709 | D:5      | Reached XP level 8. HP: 58/66 MP: 8/8
  6014 | D:5      | Noticed Menkaure
  6022 | D:5      | Killed Menkaure
  6217 | D:6      | Reached skill level 8 in Axes
  6806 | D:6      | Noticed Blork the orc
  6819 | D:6      | Killed Blork the orc
  7045 | D:6      | Found Loatz's Distillery.
  7114 | D:6      | Bought a potion of curing for 39 gold pieces
  7114 | D:6      | Bought a potion of heal wounds for 65 gold pieces
  7172 | D:6      | Reached skill level 5 in Fighting
  7588 | D:7      | Noticed a cyclops
  7597 | D:7      | Slain by a wight

Illustrated notes

Levels and vault maps discovered:
D:1:      eino_arrival_cavern_c, layout_loops_corners,
          hellmonk_ecumenical_altar_heavens_door, chequers_serial_rivers_room_a,
          nicolae_kite_square_tiling_tiny
D:2:      layout_rooms, hex_large, uniq_terence
D:3:      layout_loops_ring, lemuel_tele_altar, nemelex_dance_club_becter,
          lemuel_coloured_pillars_altar, grunt_ministairs_3,
          corexii_item_surrounded_by_moat
D:4:      layout_basic, mainiacjoe_overflow_alcove_2,
          minmay_temple_entry_large_hall, minivault_1, minivault_11,
          uniq_crazy_yiuf_cottage
D:5:      layout_cave_pools, gammafunk_ghost_arena, hangedman_decor_peaks_small,
          uniq_menkaure, uniq_grinder
D:6:      layout_loops_corners, serial_shops, nicolae_shop_trees,
          grunt_ministairs_12, chequers_serial_rivers_small_a,
          uniq_blork_the_orc
D:7:      layout_cave_pools, mainiacjoe_overflow_cross_hatched,
          mainiacjoe_overflow_big_doors, serial_undead, serial_undead_f,
          serial_undead_d, serial_undead_c, serial_undead_c, serial_undead_f,
          serial_undead_f, serial_undead_e, serial_undead_e, serial_undead_f,
          serial_undead_a, corexii_item_surrounded_by_moat, due_unseen_surprise,
          uniq_pikel

Skill      XL: |  1  2  3  4  5  6  7  8 |
---------------+-------------------------+-----
Dodging        | 3 |  3.3
Axes           | 4 5 6 7 8 |  8.8
Fighting       | 4 5 |  5.1
Shields        | 1 2 3 5 6 |  6.1

Action                   |  1- 3 |  4- 6 |  7- 9 || total
-------------------------+-------+-------+-------++-------
Melee: Hand axe          |   121 |   215 |   183 ||   519
       Tailslap          |    14 |    23 |    33 ||    70
       Punch             |       |     1 |       ||     1
Invok: Berserk           |       |     7 |     7 ||    14
       Trog's Hand       |       |       |     2 ||     2
 Abil: Breathe Fire      |       |       |     3 ||     3
  Use: Scroll            |       |     9 |       ||     9
       Potion            |       |       |     7 ||     7
 Stab: Sleeping          |     1 |     1 |       ||     2
Armor: Skin              |    38 |    77 |    68 ||   183
Dodge: Dodged            |    86 |   126 |   103 ||   315
Block: Kite shield       |       |    55 |   126 ||   181

Table legend: (Time is in decaauts)
 A = Elapsed time spent in this place.
 B = Non-inter-level travel time spent in this place.
 C = Inter-level travel time spent in this place.
 D = Time resting spent in this place.
 E = Time spent auto-exploring this place.
 F = Levels seen in this place.
 G = Mean time per level.
                   A        B        C        D        E       F      G
               +--------+--------+--------+--------+--------+-----+--------+
         Total |   7776 |   7568 |    208 |    969 |   5497 |   7 | 1110.9 |
       Dungeon |   7776 |   7568 |    208 |    969 |   5497 |   7 | 1110.9 |
               +--------+--------+--------+--------+--------+-----+--------+

Top non-repeatable levels by time:
     D:1: 1648 daAuts
     D:4: 1490 daAuts
     D:6: 1405 daAuts
     D:5: 1312 daAuts
     D:3: 1090 daAuts
     D:2: 818 daAuts
     D:7: 11 daAuts
